 Dungeon Crawl Stone Soup version 0.23-a0-241-g3b46b07 (webtiles) character file.

462 Deeps the Cleaver (level 6, -5/51 HPs)
             Began as a Minotaur Fighter on Sept 27, 2018.
             Was an Initiate of Okawaru.
             Slain by a slave (8 damage)
             ... led by Pikel
             ... on level 4 of the Dungeon.
             The game lasted 00:04:19 (2725 turns).

Deeps the Cleaver (Minotaur Fighter)                Turns: 2725, Time: 00:04:20

Health: -5/51      AC:  6    Str: 23    XL:     6   Next: 79%
Magic:  5/5        EV:  9    Int:  5    God:    Okawaru [......]
Gold:   271        SH:  0    Dex:  9    Spells: 5/5 levels left

rFire    + . .     SeeInvis .   o - +4 hand axe
rCold    x . .     Gourm    .   (no shield)
rNeg     . . .     Faith    .   b - +0 scale mail
rPois    .         Spirit   .   (helmet restricted)
rElec    .         Reflect  .   (no cloak)
rCorr    .         Harm     .   (no gloves)
MR       .....                  (no boots)
Stlth    ..........             (no amulet)
HPRegen  0.17/turn              c - ring of fire {rF+, rC-}
MPRegen  0.09/turn              u - ring of wizardry {Wiz+, !d}

@: no status effects
A: retaliatory headbutt, horns 2
a: Renounce Religion


You were on level 4 of the Dungeon.
You worshipped Okawaru.
Okawaru was noncommittal.
You were not hungry.

You visited 2 branches of the dungeon, and saw 5 of its levels.

You collected 271 gold pieces.

Inventory:

Hand Weapons
 a - a +0 war axe
 o - a +4 hand axe (weapon)
   (You found it on level 2 of the Dungeon)
 s - a +0 whip of holy wrath
   (You found it on level 3 of the Dungeon)
Armour
 b - a +0 scale mail (worn)
 v - a +3 leather armour of positive energy
   (You took it off Ijyb on level 3 of the Dungeon)
Jewellery
 c - a ring of fire (left hand) {rF+, rC-}
   (You found it on level 1 of the Dungeon)
 u - a ring of wizardry (right hand) {Wiz+, !d}
   (You found it on level 3 of the Dungeon)
 x - a +4 ring of strength {unknown}
   (You found it on level 4 of the Dungeon)
Wands
 h - a wand of flame (24)
   (You found it on level 3 of the Dungeon)
 w - a wand of disintegration (13) {@e1}
   (You took it off Ijyb on level 3 of the Dungeon)
Scrolls
 i - 3 scrolls of amnesia {unknown}
 k - a scroll of remove curse {unknown}
 m - a scroll of blinking {unknown}
 n - a scroll of magic mapping {unknown}
 q - a scroll of teleportation {unknown}
 t - a scroll of identify {unknown}
 y - a scroll of immolation {unknown}
Potions
 d - a potion of might
 e - a potion of resistance {unknown}
 g - a potion of flight {unknown}
 j - 3 potions of curing {unknown}
 l - a potion of cancellation {unknown}
 p - 2 potions of magic {unknown}
 r - a potion of haste {unknown}
Comestibles
 f - 7 rations {@e1}


   Skills:
 - Level 3.6 Fighting
 + Level 8.9 Axes
 - Level 3.6 Armour
   Level 3.6 Shields


You had 5 spell levels left.
You didn't know any spells.
Your spell library contained the following spells:

 Spells                   Type           Power        Failure   Level  Hunger
 Magic Dart               Conj           #...         45%         1    ##.....
 Blink                    Tloc           N/A          58%         2    ###....
 Call Imp                 Summ           #.......     58%         2    ###....
 Slow                     Hex            #.......     58%         2    ###....
 Conjure Flame            Conj/Fire      #.......     80%         3    ####...
 Mephitic Cloud           Conj/Pois/Air  #.......     80%         3    ####...


Dungeon Overview and Level Annotations

Branches:
Dungeon (4/15)             Temple (1/1) D:4

Altars:
Ashenzari
Cheibriados
Dithmenos
Fedhas
Gozag
Hepliaklqana
Makhleb
Okawaru
Qazlal
Ru
Trog
Yredelemnul
Zin
The Shining One

Annotations:
D:4 Pikel


Innate Abilities, Weirdness & Mutations

You reflexively headbutt those who attack you in melee.
You have a pair of horns on your head.


Message History

Unknown command.
An iron imp is nearby!
No reachable target in view!
Unknown command.
An iron imp is nearby!
No reachable target in view!
An iron imp is nearby!
No reachable target in view!
An iron imp is nearby!
No reachable target in view!
Unknown command.
No reachable target in view!
Unknown command.
No reachable target in view!
Unknown command.
You see here a book of Minor Magic.
You see here 24 gold pieces.
You see here a book of Minor Magic.
You pick up a book of Minor Magic and begin reading...
You add the spells Magic Dart, Blink, Call Imp, Slow, Conjure Flame and You now have 271 gold pieces (gained 24).
There are no items here.
You closely miss Eustachio. Your headbutt misses Eustachio.
The iron imp disappears in a puff of smoke!
Eustachio hits you with a rapier.
You take 2 damage, and have 46/51 hp.
You slash Eustachio!
You kill Eustachio!
Okawaru accepts your kill.
The iron imp disappears in a puff of smoke!
Things that are here:
a rapier; a leather armour; the human corpse of Eustachio Unknown command.
Things that are here:
a rapier; a leather armour; the human corpse of Eustachio
y - a scroll labeled JICINEGRUR No target in view!
No target in view!
Unknown command.
Unknown command.
No target in view!
Welcome back, Deeps the Minotaur Fighter.
Okawaru says: Bring me glory in combat!
You butcher the human corpse of Eustachio.
z - a chunk of flesh {@w0}
Things that are here:
a leather armour; a rapier
Things that are here:
a leather armour; a rapier Eating a chunk of flesh {@w0}.
You eat the chunk of flesh {@w0}.
You open the door.
There is an open door here.
A slave comes into view.
The slave shouts!
You hear a shout!
An adder comes into view.
The slave moves out of view.
Pikel the Slaver comes into view.
He is wielding a whip of electrocution.
You regained 3 hp, and now have 50/51 hp.
Pikel shouts!
The adder hisses angrily.
A slave comes into view.
Health restored: 51 You miss the adder.
You headbutt the adder. You barely miss the adder. You headbutt the adder!
You kill the adder!
Okawaru accepts your kill.
A slave comes into view.
The slave shouts!
You hear a shout!
Pikel hits you with a whip of electrocution!
You are electrocuted!
You take 23 damage, and have 28/51 hp.
MASSIVE DAMAGE!!
You are too injured to fight recklessly!
Unknown command.
You are too injured to fight recklessly!
Unknown command.
You are too injured to fight recklessly!
Unknown command.
You are too injured to fight recklessly!
You hit Pikel.
A slave comes into view.
You closely miss Pikel.
Pikel hits you with a whip of electrocution.
You take 3 damage, and have 25/51 hp.
You hit Pikel. You closely miss the slave. Pikel hits you but does no damage.
You are electrocuted!
* * * LOW HITPOINT WARNING * * *
The slave hits you.
* * * LOW HITPOINT WARNING * * *
You take 13 damage, and have 12/51 hp.
MASSIVE DAMAGE!!
You hit Pikel. You hit the slave. Pikel hits you but does no damage.
You closely miss Pikel. You headbutt Pikel. You closely miss the slave.
Pikel hits you but does no damage. The slave closely misses you.
Unknown command.
You hit Pikel. You closely miss the slave. You hit the slave.
Pikel hits you but does no damage.
You are electrocuted!
* * * LOW HITPOINT WARNING * * *
The slave hits you!
You die...

..#. ## .. .#. ..#
......... ..
#......#.###.#
#......#.....
#.#.........pp
#.##.......pK#
#####..+.......p@#
.................###..#.
###'###..........†......
..#...8#.........###....
...#...#(........# ..
..#.[..#.........#
.#.#.#.'...#######
#.#.#.##...#
...#...#...#


You could see Pikel and 4 slaves.

Vanquished Creatures
  Eustachio (D:4)
  2 hounds (D:4)
  A centaur skeleton (D:4)
  Ijyb (D:3)
  2 worker ants (D:4)
  7 adders
  2 oozes (D:2)
  An adder skeleton (D:4)
  5 worms
  3 dart slugs
  4 leopard geckos
  A ball python (D:1)
  3 bats
  4 giant cockroaches
  5 goblins
  8 hobgoblins
  5 jackals
  8 kobolds
  A quokka (D:3)
  3 frilled lizards (D:1)
  A jackal skeleton (D:3)
  6 rats
74 creatures vanquished.

Notes
Turn   | Place    | Note
-------+----------+-------------------------------------------
     0 | D:1      | Deeps the Minotaur Fighter began the quest for the Orb.
     0 | D:1      | Reached XP level 1. HP: 19/19 MP: 0/0
    79 | D:1      | Reached skill level 3 in Axes
   102 | D:1      | Reached XP level 2. HP: 25/26 MP: 1/1
   303 | D:1      | Reached skill level 4 in Axes
   437 | D:1      | Reached XP level 3. HP: 31/31 MP: 2/2
   663 | D:2      | HP: 7/31 [poisoned by an adder]
   667 | D:2      | Reached skill level 5 in Axes
   670 | D:2      | HP: 5/31 [poisoned by an adder]
   678 | D:2      | HP: 4/31 [poisoned by an adder]
  1212 | D:2      | Reached XP level 4. HP: 30/39 MP: 3/3
  1681 | D:3      | Reached skill level 6 in Axes
  1759 | D:3      | Found a snail-covered altar of Cheibriados.
  1772 | D:3      | Noticed Ijyb
  1784 | D:3      | Killed Ijyb
  1784 | D:3      | Reached XP level 5. HP: 22/45 MP: 4/4
  2284 | D:4      | Found a staircase to the Ecumenical Temple.
  2303 | D:4      | Reached skill level 7 in Axes
  2307 | Temple   | Entered the Ecumenical Temple
  2332 | Temple   | Became a worshipper of Warmaster Okawaru
  2538 | D:4      | Reached XP level 6. HP: 44/51 MP: 5/5
  2578 | D:4      | Reached skill level 8 in Axes
  2655 | D:4      | Noticed Eustachio
  2690 | D:4      | Killed Eustachio
  2713 | D:4      | Noticed a slave
  2714 | D:4      | Noticed Pikel
  2714 | D:4      | Noticed a slave
  2718 | D:4      | Noticed a slave
  2720 | D:4      | Noticed a slave
  2722 | D:4      | HP: 12/51 [slave[Pikel] (2)]
  2725 | D:4      | HP: 3/51 [Pikel/whip of electrocution (9)]
  2725 | D:4      | Slain by a slave

Vault maps used:
D:1:      wheals_arrival_shading
D:2:      grunt_ministairs_10
D:3:      kennysheep_slug_shrine, uniq_ijyb
D:4:      minmay_temple_entry_grid, first_ration, serial_shops,
          nicolae_shop_waterfront, minivault_1, uniq_duvessa, uniq_pikel,
          uniq_eustachio
Temple:   nicolae_temple_the_god_donut

Skill      XL: |  1  2  3  4  5  6 |
---------------+-------------------+-----
Axes           | 3 4 5 6 7 8 |  8.9
Fighting       | |  3.6
Armour         | |  3.6
Shields        | |  3.6

Action                   |  1- 3 |  4- 6 || total
-------------------------+-------+-------++-------
Melee: War axe           |    76 |    17 ||    93
       Headbutt          |     8 |    23 ||    31
       Hand axe          |       |    98 ||    98
  Eat: Chunk             |       |     6 ||     6
Armor: Scale mail        |    37 |    50 ||    87
Dodge: Dodged            |    48 |    53 ||   101

Table legend:
 A = Non-vault XP
 B = Vault XP
 C = Vault XP percentage of total XP
 D = Non-vault monster count
 E = Vault monster count
 F = Vault count percentage of total count
                 A         B        C        D         E       F
            +---------+---------+-------+---------+---------+-------
      Total |     419 |     242 |  36.6 |      69 |       5 |   6.8
            +---------+---------+-------+---------+---------+-------
        D:1 |      51 |       0 |   0.0 |      28 |       0 |   0.0
        D:2 |      91 |       5 |   5.2 |      17 |       2 |  10.5
        D:3 |      52 |      40 |  43.5 |      16 |       2 |  11.1
        D:4 |     225 |     197 |  46.7 |       8 |       1 |  11.1
            +---------+---------+-------+---------+---------+-------

Vault maps used:
D:1:      wheals_arrival_shading
D:2:      grunt_ministairs_10
D:3:      kennysheep_slug_shrine, uniq_ijyb
D:4:      minmay_temple_entry_grid, first_ration, serial_shops,
          nicolae_shop_waterfront, minivault_1, uniq_duvessa, uniq_pikel,
          uniq_eustachio
Temple:   nicolae_temple_the_god_donut

Table legend:
 A = Turns spent in this place as a percentage of turns spent in the entire game.
 B = Non-inter-level travel turns spent in this place as a percentage of non-inter-level travel turns spent in the entire game.
 C = Inter-level travel turns spent in this place as a percentage of turns spent in this place.
 D = Turns resting spent in this place as a percentage of non-inter-level travel turns spent in this place.
 E = Turns spent auto-exploring this place as a percentage of non-inter-level travel turns spent in this place.
 F = Non-inter-level travel turns spent in this place divided by the number of levels of this place that you've seen.
                   A       B       C       D       E      F
               +-------+-------+-------+-------+-------+----------------------
         Total | 100.0 | 100.0 |   3.2 |  21.7 |  60.9 | 527.6
       Dungeon |  98.3 |  99.0 |   2.5 |  21.9 |  60.8 | 652.8
        Temple |   1.7 |   1.0 |  42.6 |   0.0 |  70.4 |  27.0
               +-------+-------+-------+-------+-------+----------------------

Table legend:
 A = Kills in this place as a percentage of kills in entire the game.
 B = Kills by you in this place as a percentage of kills by you in the entire game.
 C = Kills by friends in this place as a percentage of kills by friends in the entire game.
 D = Other kills in this place as a percentage of other kills in the entire game.
 E = Experience gained in this place as a percentage of experience gained in the entire game.
 F = Experience gained in this place divided by the number of levels of this place that you have seen.
                   A       B       C       D       E      F
               +-------+-------+-------+-------+-------+----------------------
         Total | 100.0 | 100.0 |   N/A |   N/A | 100.0 | 132.2
       Dungeon | 100.0 | 100.0 |   N/A |   N/A | 100.0 | 165.2
               +-------+-------+-------+-------+-------+----------------------
